 Dungeon Crawl Stone Soup version 0.15-a0-368-g875a5fb (webtiles) character file.

37 4tharraofdagon the Grasshopper (level 2, -1/23 HPs)
             Began as a Demonspawn Warper on May 4, 2014.
             Slain by an inept staircase mimic (2 damage)
             ... on Level 2 of the Dungeon.
             The game lasted 00:00:52 (151 turns).

4tharraofdagon the Grasshopper (Demonspawn Warper)   Turns: 151, Time: 00:00:53

HP  -1/23        AC  3     Str 11      XL: 2   Next: 55%
MP   0/4         EV 11     Int 14      God:
Gold 18          SH  0     Dex 12      Spells:  3 memorised,  0 levels left

rFire  . . .     SeeInvis .     a - +0 mace
rCold  . . .     Clarity  .     b - +0 leather armour
rNeg   . . .     Conserve .     (no shield)
rPois  .         rCorr    .     (no helmet)
rElec  .         rRot     .     (no cloak)
SustAb . .       Spirit   .     (no gloves)
rMut   .         Warding  .     (no boots)
Saprov . . .     Stasis   .     (no amulet)
MR     .....                    (no ring)
                                (no ring)

@: shrouded, held, not resistant to hostile enchantments, unstealthy
A: nightstalker 1
a: no special abilities


You were on level 2 of the Dungeon.
You were not hungry.

You visited 1 branch of the dungeon, and saw 2 of its levels.

You collected 18 gold pieces.

Inventory:

Hand weapons
 a - a +0,+0 mace (weapon)
Missiles
 e - 15 darts (quivered)
 f - 10 darts of dispersal
Armour
 b - a +0 leather armour (worn)
Comestibles
 g - 2 bread rations
Scrolls
 d - a scroll of blinking
Books
 c - a book of Spatial Translocations

   Spells                             Type                      Level
   *Apportation                       Translocation                1
   *Blink                             Translocation                2
   *Shroud of Golubria                Charms/Translocation         2
   Portal Projectile                  Translocation                3
   Teleport Other                     Translocation                3
   Passage of Golubria                Translocation                4


   Skills:
 + Level 2.3 Fighting
 - Level 1.7 Maces & Flails
 - Level 0.8 Throwing
 - Level 0.8 Armour
 - Level 1.7 Dodging
 * Level 1.6 Unarmed Combat
 - Level 2.0 Spellcasting
 - Level 2.6 Translocations


You couldn't memorise any spells.
You knew the following spells:

 Your Spells              Type           Power        Failure   Level  Hunger
a - Apportation           Tloc           #.........   10%         1    ##.....
b - Blink                 Tloc           N/A          14%         2    ###....
c - Shroud of Golubria    Chrm/Tloc      #.........   24%         2    ###....


Dungeon Overview and Level Annotations

Branches:
Dungeon (2/15)

Altars:


Innate Abilities, Weirdness & Mutations

You are slightly more attuned to the shadows.


Message History

You are too injured to fight recklessly!
You hit the inept staircase mimic but do no damage.
You punch the inept staircase mimic.
The inept staircase mimic is severely damaged.
The inept staircase mimic barely misses you.
Unknown command.
You hit the inept staircase mimic but do no damage.
The inept staircase mimic is severely damaged.
The inept staircase mimic hits you.
* * * LOW HITPOINT WARNING * * *
Unknown command.
Casting: Shroud of Golubria
Confirm with . or Enter, or press ? or * to list all spells.
Space distorts slightly along a thin shroud covering your body.
Your shroud bends the inept staircase mimic's attack away.
Unknown command.
You hit the inept staircase mimic.
The inept staircase mimic is almost destroyed.
The inept staircase mimic hits you.
You die...

... ....####
...>..##..
......##.#####
.....##......
#...##..#..
#..>....#.#####
###+#@#...#.#...##
#...........#.....#
#.......##........#
#........+........#..
...#+######........#..
## #...........
#........##..
####.........
#...#####.


You could see an inept staircase mimic.

Vanquished Creatures
  An inept feature mimic (D:2)
  2 giant cockroaches (D:1)
  A goblin (D:1)
  4 jackals (D:2)
  A kobold (D:1)
  A giant gecko (D:1)
  A rat (D:1)
11 creatures vanquished.

Notes
Turn   | Place    | Note
--------------------------------------------------------------
     0 | D:1      | 4tharraofdagon, the Demonspawn Warper, began the quest for the Orb.
     0 | D:1      | Reached XP level 1. HP: 16/16 MP: 3/3
    42 | D:1      | Reached skill level 1 in Unarmed Combat
    94 | D:2      | Gained mutation: You are slightly more attuned to the shadows. [demonic ancestry]
    94 | D:2      | Reached XP level 2. HP: 15/22 MP: 4/4
   130 | D:2      | Learned a level 2 spell: Blink
   135 | D:2      | Learned a level 2 spell: Shroud of Golubria
   149 | D:2      | HP: 1/23 [inept staircase mimic (1)]
   151 | D:2      | Slain by an inept staircase mimic

Action                   || total
-------------------------++-------
Melee: Mace              ||    49
 Cast: Shroud of Golubri ||     2
  Use: Potion            ||     2
